 Dungeon Crawl Stone Soup version bcrawl-1.31.4 (webtiles) character file.

Game seed: 10239402100918900260

259686 Morbidden the Slasher (level 8, -1/49 HPs)
             Began as a Skeleton Skald on May 28, 2021.
             Was a Follower of Vehumet.
             Slain by a bullfrog (8 damage)
             ... on level 6 of the Dungeon.
             The game lasted 00:10:32 (5639 turns).

Morbidden the Slasher (Skeleton Skald)              Turns: 5639, Time: 00:10:32

Health: -1/49      AC:  5    Str: 18    XL:     8   Next: 88%
Magic:  0/17       EV: 13    Int: 14    God:    Vehumet [*.....]
Gold:   428        SH:  3    Dex:  8    Spells: 15/19 levels left

rFire    + . .     SeeInvis .   a - +0 long sword
rCold    + . .     Gourm    .   (no shield)
rNeg     + + +     Faith    .   p - +0 troll leather armour (curse)
rPois    ∞         Spirit   +   (no helmet)
rElec    .         Reflect  .   (no cloak)
rCorr    .         Harm     .   (no gloves)
MR       +....                  l - +0 pair of boots
Stlth    +.........             (no amulet)
HPRegen  0.56/turn              h - ring of protection from fire
MPRegen  0.15/turn              (no ring)

@: infused, singing
A: no food or potions, cold resistance 1, deterioration 1, negative energy
resistance 3, powered by death 1, torment resistance, unbreathing, magic shield,
sturdy frame 1, spell healing
a: Renounce Religion


You were on level 6 of the Dungeon.
You worshipped Vehumet.
Vehumet was aware of your devotion.
You were not hungry.

You visited 2 branches of the dungeon, and saw 7 of its levels.

You collected 428 gold pieces.

Inventory:

Hand Weapons
 a - a +0 long sword (weapon)
 b - a +0 hunting sling
 j - a +2 dagger of flaming
Missiles
 f - 1249 sling bullets
 r - 92 javelins (quivered)
Armour
 l - a +0 pair of boots (worn)
 p - a cursed +0 troll leather armour (worn)
Magical Staves
 m - an uncursed staff of death
Jewellery
 h - a ring of protection from fire (left hand)
Wands
 q - a wand of polymorph (10)
Scrolls
 c - 3 scrolls of remove curse {unknown}
 d - 2 scrolls of fear
 e - 3 scrolls of blinking {unknown}
 g - a scroll of enchant weapon {unknown}
 i - 6 scrolls of identify
 k - a scroll of fog {unknown}
 n - 2 scrolls of teleportation {unknown}
 o - a scroll of immolation {unknown}


   Skills:
 * Level 5.1 Fighting
 * Level 3.6(5.4) Short Blades
 * Level 6.2(6.7) Long Blades
 + Level 5.3 Slings
 + Level 1.1 Armour
 * Level 4.9 Dodging
 + Level 0.9 Stealth
 * Level 6.1 Spellcasting
 * Level 3.7 Conjurations
 + Level 3.7 Charms


You had 15 spell levels left.
You knew the following spells:

 Your Spells              Type           Power        Failure   Level  Hunger
a - Infusion              Chrm           ##......     3%          1    N/A
b - Song of Slaying       Chrm           ##......     5%          2    N/A
c - Magic Dart            Conj           ##..         1%          1    N/A

Your spell library contained the following spells:

 Spells                   Type           Power        Failure   Level  Hunger
 Freeze                   Ice            #.....       4%          1    N/A
 Conjure Flame            Conj/Fire      #.......     6%          3    N/A
 Mephitic Cloud           Conj/Pois/Air  #.......     8%          3    N/A
 Swiftness                Chrm/Air       #.......     12%         2    N/A
 Ozocubu's Armour         Chrm/Ice       #.......     22%         3    N/A
 Spectral Weapon          Hex/Chrm       #.......     22%         3    N/A
 Blink                    Tloc           N/A          24%         2    N/A
 Call Imp                 Summ           #.....       24%         2    N/A
 Regeneration             Chrm/Necr      Unusable     N/A         3    N/A
 Spider Form              Tmut/Pois      Unusable     N/A         3    N/A

Dungeon Overview and Level Annotations

Branches:
Dungeon (6/12)             Temple (1/1) D:4

Altars:
Ashenzari
Cheibriados
Dithmenos
Elyvilon
Fedhas
Gozag
Hepliaklqana
Kikubaaqudgha
Lugonu
Makhleb
Nemelex Xobeh
Okawaru
Ru
Sif Muna
Trog
Uskayaw
Vehumet
Wu Jian
Xom
Yredelemnul
Zin
The Shining One

Annotations:
D:6 Sigmund


Innate Abilities, Weirdness & Mutations

You do not eat or drink.
You are immune to poison.
Your flesh is cold resistant. (rC+)
Your body sometimes deteriorates upon taking damage.
You are immune to negative energy. (rN+++)
You regenerate a little health from kills.
You are immune to unholy pain and torment.
You can survive without breathing.
When hurt, damage is shared between your health and your magic reserves.
Your movements are slightly less encumbered by armour. (ER -2)
Casting spells heals you.


Message History

No path to travel!
Throwing (i - inventory)
r - 94 javelins (quivered)
Press: ? - help, Shift-Dir - straight line, f/p - bullfrog
Aim: a bullfrog (moderately wounded)
You throw a javelin.
The javelin closely misses the bullfrog.
The bullfrog misses you. Something hits you!
The bullfrog hits you but does no damage.
Throwing (i - inventory)
r - 93 javelins (quivered)
Press: ? - help, Shift-Dir - straight line, f/p - bullfrog
Aim: a bullfrog (moderately wounded)
You throw a javelin. The javelin hits the bullfrog.
The bullfrog is heavily wounded.
The bullfrog hits you. The bullfrog hits you!
* * * LOW HITPOINT WARNING * * *
Something hits you.
* * * LOW HITPOINT WARNING * * *
The bullfrog closely misses you. The bullfrog hits you!
You die...

###### .
#....# ..
#....# ...
....# ....
#...#
.....##...#
..........#
.....##F..#
... #.@.# .
#...#
#########...#
........#....#
........#....#
#......####'#
#......##...#
#...........#
#...........#


You could see a bullfrog.

Vanquished Creatures
  A centaur skeleton (D:5)
  A hippogriff (D:6)
  An ice beast (D:5)
  2 phantoms (D:5)
  An ogre (D:6)
  A necrophage (D:6)
  A centaur (D:5)
  2 bullfrogs
  A big kobold (D:6)
  A centaur zombie (D:5)
  4 crimson imps
  A bullfrog zombie (D:6)
  4 jellies
  An orc priest (D:6)
  An orc wizard (D:4)
  2 iguanas
  A worker ant (D:4)
  4 gnolls (D:3)
  An adder (D:4)
  9 oozes
  2 worms
  4 dart slugs
  5 leopard geckos
  10 orcs
  A ball python (D:1)
  6 bats
  3 giant cockroaches
  6 goblins
  5 hobgoblins
  5 jackals
  2 frilled lizards
  21 kobolds
  A rat (D:1)
111 creatures vanquished.

Vanquished Creatures (others)
  3 fungi (D:4)
  11 toadstools (D:4)
14 creatures vanquished.

Grand Total: 125 creatures vanquished

Notes
Turn   | Place    | Note
-------+----------+-------------------------------------------
     0 | D:1      | Morbidden the Skeleton Skald began the quest for the Orb.
     0 | D:1      | Reached XP level 1. HP: 12/12 MP: 4/4
    98 | D:1      | Reached XP level 2. HP: 6/17 MP: 0/6
  1075 | D:1      | Reached XP level 3. HP: 12/21 MP: 3/7
  1642 | D:2      | Found a shimmering altar of Xom.
  1900 | D:2      | Found a burning altar of Makhleb.
  1941 | D:2      | Found an ornate altar of the Wu Jian Council.
  2017 | D:2      | Found a shattered altar of Ashenzari.
  2419 | D:3      | Reached XP level 4. HP: 23/27 MP: 7/9
  2714 | D:3      | Reached XP level 5. HP: 29/31 MP: 7/10
  2899 | D:3      | Found a faded altar of an unknown god.
  2899 | D:3      | Found a faded altar of an unknown god.
  2899 | D:3      | Found a faded altar of an unknown god.
  2901 | D:3      | Found a hazy altar of Hepliaklqana.
  3109 | D:4      | Reached skill level 1 in Slings
  3165 | D:4      | Found a staircase to the Ecumenical Temple.
  3169 | Temple   | Entered the Ecumenical Temple
  3459 | Temple   | Became a worshipper of Vehumet
  3614 | D:4      | Learned a level 1 spell: Magic Dart
  3708 | D:4      | Gained mutation: You regenerate a little health from kills.
                  | [Skeleton growth]
  3708 | D:4      | Reached XP level 6. HP: 37/37 MP: 12/12
  3806 | D:4      | Found a shadowy altar of Dithmenos.
  4004 | D:4      | Found an ancient bone altar of Kikubaaqudgha.
  4106 | D:5      | Entered Level 5 of the Dungeon
  4122 | D:5      | Reached skill level 1 in Conjurations
  4171 | D:5      | Noticed a two-headed ogre
  4233 | D:5      | Reached skill level 5 in Long Blades
  4233 | D:5      | Reached skill level 5 in Spellcasting
  4273 | D:5      | Reached XP level 7. HP: 27/42 MP: 7/14
  4320 | D:5      | Reached skill level 1 in Short Blades
  4526 | D:5      | Reached XP level 8. HP: 43/48 MP: 4/16
  5213 | D:6      | Reached * piety under Vehumet
  5213 | D:6      | Offered knowledge of Freeze by Vehumet.
  5218 | D:6      | Learned a level 2 spell: Song of Slaying
  5278 | D:6      | Noticed a hippogriff
  5293 | D:6      | Killed a hippogriff
  5364 | D:6      | Reached skill level 5 in Slings
  5531 | D:6      | Reached skill level 5 in Fighting
  5631 | D:6      | Noticed Sigmund
  5639 | D:6      | Slain by a bullfrog

Skill      XL: |  1  2  3  4  5  6  7  8 |
---------------+-------------------------+-----
Long Blades    | 3 4 5 6 |  6.2
Slings         | 2 3 4 5 |  5.3
Spellcasting   | 4 5 6 |  6.1
Fighting       | 3 4 5 |  5.1
Dodging        | 3 4 |  4.9
Conjurations   | 1 2 3 |  3.7
Short Blades   | 1 3 |  3.6
Armour         | |  1.1
Stealth        | |  0.9
Charms         | |  3.7

Action                   |  1- 3 |  4- 6 |  7- 9 || total
-------------------------+-------+-------+-------++-------
Melee: Long sword        |    76 |    22 |    40 ||   138
       Dagger            |    68 |    27 |    89 ||   184
 Fire: Hunting sling     |    16 |   110 |   121 ||   247
Throw: Javelin           |       |       |     9 ||     9
 Cast: Infusion          |    23 |     3 |    14 ||    40
       Magic Dart        |       |       |     8 ||     8
       Song of Slaying   |       |       |     7 ||     7
  Use: Scroll            |     2 |       |       ||     2
 Stab: Sleeping          |       |     1 |       ||     1
Armor: Leather armour    |    38 |     1 |       ||    39
       Troll leather arm |       |    18 |    52 ||    70
Dodge: Dodged            |   116 |    65 |   129 ||   310
Block: Other             |       |       |     6 ||     6
